 Seeded DCSS version 0.28-a0-1555-g9ae15a6949 (webtiles) character file.

Game seed: 30 (custom seed)

9 knot the Chopper (level 2, 18/24 HPs)
             Began as a Demonspawn Berserker on Jan 19, 2022.
             Was a Follower of Trog.
             Quit the game on level 1 of the Dungeon.
             The game lasted 00:00:14 (367 turns).

knot the Chopper (Demonspawn Berserker)              Turns: 367, Time: 00:00:14

Health: 18/24      AC:  2    Str: 17    XL:     2   Next: 3%
Magic:  2/2        EV: 12    Int:  8    God:    Trog [*.....]
Gold:   21         SH:  0    Dex: 12    Spells: 1/1 levels left

rFire   . . .      SeeInvis .   a - +0 hand axe
rCold   . . .      Faith    .   (no shield)
rNeg    . . .      Spirit   .   b - +0 animal skin
rPois   .          Reflect  .   (no helmet)
rElec   .          Harm     .   (no cloak)
rCorr   .          Rampage  .   (no gloves)
Will    .....                   (no boots)
Stlth   +.........              (no amulet)
HPRegen 0.08/turn               (no ring)
MPRegen 0.08/turn               (no ring)

@: no status effects
A: sanguine armour 1
a: Renounce Religion, Berserk


You were on level 1 of the Dungeon.
You worshipped Trog.
Trog was aware of your devotion.
You visited 1 branch of the dungeon, and saw 1 of its levels.

You collected 21 gold pieces.

Inventory:

Hand Weapons
 a - a +0 hand axe (weapon)
Missiles
 c - a throwing net (quivered)
Armour
 b - a +0 animal skin (worn)
Scrolls
 d - a scroll of identify {unknown}
 f - 2 scrolls of blinking {unknown}
Potions
 e - a potion of magic {unknown}


   Skills:
 - Level 3.0 Fighting
 + Level 3.2 Axes
 - Level 1.7 Armour
 - Level 1.7 Dodging


You had one spell level left.
You didn't know any spells.
Your spell library was empty.

Dungeon Overview and Level Annotations

Branches:
Dungeon (1/15)

Altars:


Innate Abilities, Weirdness & Mutations

When seriously injured, your blood forms armour. (AC +0)


Message History

Trog accepts your kill.
No target in view!
f - a scroll labelled ACKAN GAK
f - 2 scrolls labelled ACKAN GAK (gained 1)
A rat comes into view.
A rat is nearby!
A rat is nearby!
You slash the rat!
You kill the rat!
Trog accepts your kill.
No target in view!
No target in view!
No target in view!
You open the door.
There is an open door here.
There is an open door here.
You open the door.
There is an open door here.
There is an open door here.
Key pressed, stopping explore.
No target in view!
You open the door.
An endoplasm comes into view.
Found a whip.
Found a stone staircase leading down.
An endoplasm is nearby!
There is an open door here.
You hit the endoplasm.
The endoplasm is lightly wounded.
The endoplasm hits you but does no damage.
You hit the endoplasm.
The endoplasm is almost dead.
The endoplasm freezes you.
You are frozen.
You hit the endoplasm.
You kill the endoplasm!
Trog accepts your kill.
You have reached level 2!
Your demonic ancestry asserts itself...
You feel your blood ready itself to protect you.
Are you sure you want to abandon this character and quit the game? (Confirm with "yes".)

.# .# .# ####### # .#
#.. ..# .# #+## .#
#.###.##.# #...# )#
#.#......# #..... .#
#.#.#..## #......
.#####.......####.......
................@)......
.#######.......##.......
.# #.##.##.# #...... .#
#.#####.# #..>.. .# #.#
#.# #...# .# #.. #.#
#+## .# #.# #.# .# #.#
#.# .# #.# #.#


There were no monsters in sight!

Vanquished Creatures
  An endoplasm (D:1)
  A giant cockroach (D:1)
  A goblin (D:1)
  2 hobgoblins (D:1)
  A frilled lizard (D:1)
  A kobold (D:1)
  A rat (D:1)
8 creatures vanquished.

Notes
Turn   | Place    | Note
-------+----------+-------------------------------------------
     0 | D:1      | knot the Demonspawn Berserker began the quest for the Orb.
     0 | D:1      | Reached XP level 1. HP: 18/18 MP: 1/1
   367 | D:1      | Gained mutation: When seriously injured, your blood forms
                  | armour. (AC +0) [demonic ancestry]
   367 | D:1      | Reached XP level 2. HP: 18/24 MP: 2/2
   367 | D:1      | Quit the game

Illustrated notes

Levels and vault maps discovered:
D:1:      roderic_crossed_star, layout_loops_corners, minivault_5,
          minmay_door_square

Skill      XL: |  1 |
---------------+----+-----
Axes           | 3 |  3.2
Fighting       | |  3.0
Armour         | |  1.7
Dodging        | |  1.7

Action                   || total
-------------------------++-------
Melee: Hand axe          ||    18
Armor: Animal skin       ||     6
Dodge: Dodged            ||     9

Table legend: (Time is in decaauts)
 A = Elapsed time spent in this place.
 B = Non-inter-level travel time spent in this place.
 C = Inter-level travel time spent in this place.
 D = Time resting spent in this place.
 E = Time spent auto-exploring this place.
 F = Levels seen in this place.
 G = Mean time per level.
                   A        B        C        D        E       F      G
               +--------+--------+--------+--------+--------+-----+--------+
         Total |    369 |    369 |      0 |      0 |    325 |   1 |  369.0 |
       Dungeon |    369 |    369 |      0 |      0 |    325 |   1 |  369.0 |
               +--------+--------+--------+--------+--------+-----+--------+

Top non-repeatable levels by time:
     D:1: 369 daAuts
